 Dungeon Crawl Stone Soup version 0.29-a0-352-g0917bc69df (webtiles) character file.

Game seed: 18392923418127711783

60 greenreed the Ducker (level 4, -1/41 HPs)
             Began as a Gnoll Monk on Apr 23, 2022.
             Slain by an orc
             ... wielding a +0 trident
              (3 damage)
             ... on level 2 of the Dungeon.
             The game lasted 00:02:33 (1457 turns).

greenreed the Ducker (Gnoll Monk)                   Turns: 1457, Time: 00:02:34

Health: -1/41      AC:  4    Str: 12    XL:     4   Next: 4%
Magic:  5/5        EV: 15    Int: 10    God:
Gold:   57         SH:  0    Dex: 14    Spells: 5/5 levels left

rFire   . . .      SeeInvis .   a - +0 mace
rCold   . . .      Faith    .   (no shield)
rNeg    . . .      Spirit   .   b - +0 robe
rPois   .          Reflect  .   (no helmet)
rElec   .          Harm     .   (no cloak)
rCorr   .          Rampage  .   g - +0 pair of gloves
Will    .....                   o - +0 pair of boots
Stlth   +++.......              (no amulet)
HPRegen 0.13/turn               (no ring)
MPRegen 0.09/turn               (no ring)

@: no status effects
A: fangs 1, strong nose, distributed training
a: no special abilities


You were on level 2 of the Dungeon.
You visited 1 branch of the dungeon, and saw 2 of its levels.

You collected 57 gold pieces.

Inventory:

Hand Weapons
 a - a +0 mace (weapon)
 j - a +0 hunting sling
Missiles
 f - 6 poisoned darts (quivered)
 p - 4 atropa-tipped darts
Armour
 b - a +0 robe (worn)
 g - a +0 pair of gloves (worn)
 o - a +0 pair of boots (worn)
Wands
 l - a wand of paralysis (6)
Scrolls
 d - 2 scrolls of vulnerability {unknown}
 e - a scroll of holy word {unknown}
 i - 2 scrolls of identify {unknown}
 m - a scroll of summoning {unknown}
Potions
 h - a potion of lignification {unknown}
 k - a potion of heal wounds {unknown}
 n - a potion of berserk rage {unknown}
 q - a potion of brilliance {unknown}


   Skills:
 + Level 6.5 Fighting
 + Level 1.0 Short Blades
 + Level 1.0 Long Blades
 + Level 1.0 Axes
 + Level 6.5 Maces & Flails
 + Level 1.0 Polearms
 + Level 1.0 Staves
 + Level 1.0 Slings
 + Level 1.0 Bows
 + Level 1.0 Crossbows
 + Level 1.0 Throwing
 + Level 1.0 Armour
 + Level 6.5 Dodging
 + Level 4.2 Stealth
 + Level 1.0 Shields
 + Level 1.0 Unarmed Combat
 + Level 1.0 Spellcasting
 + Level 0.7 Conjurations
 + Level 0.7 Hexes
 + Level 0.7 Summonings
 + Level 0.7 Necromancy
 + Level 0.7 Translocations
 + Level 0.7 Transmutations
 + Level 0.7 Fire Magic
 + Level 0.7 Ice Magic
 + Level 0.7 Air Magic
 + Level 0.7 Earth Magic
 + Level 0.7 Poison Magic
 + Level 1.1 Invocations
 + Level 1.0 Evocations


You had 5 spell levels left.
You didn't know any spells.
Your spell library contained the following spells:

 Spells                   Type           Power      Damage    Failure   Level
 Summon Forest            Summ/Tloc      1%         N/A       100%        5
 Summon Mana Viper        Hex/Summ       2%         N/A       100%        5
 Summon Cactus Giant      Summ           1%         N/A       100%        6


Dungeon Overview and Level Annotations

Branches:
Dungeon (2/15)

Altars:


Innate Abilities, Weirdness & Mutations

You have very sharp teeth.
Your uncanny sense of smell can sniff out nearby items.
Your experience applies equally to all skills.


Message History

The puff of flame hits you. The orc hits you with a +0 short sword.
You hit the orc. You bite the orc, but do no damage.
The orc is heavily wounded.
The orc hits you with a +0 short sword.
You sock the orc!
You kill the orc!
The orc wizard gestures at you while chanting.
The puff of flame hits you!
You are too injured to fight recklessly!
Unknown command.
The orc hits you from afar with a +0 trident.
Things that are here:
a +0 short sword; an orc corpse The orc closely misses you.
You closely miss the orc wizard.
The orc wizard gestures at you while chanting.
The magic dart hits you!
* * * LOW HITPOINT WARNING * * *
The orc barely misses you.
You are confused.
You feel invigorated. The orc wizard closely misses you. The orc misses you.
You bump into the rock wall.
The orc wizard hits you with a +0 quarterstaff.
* * * LOW HITPOINT WARNING * * *
The orc barely misses you.
You feel less invigorated.
You feel less confused.
The orc wizard hits you with a +0 quarterstaff!
* * * LOW HITPOINT WARNING * * *
The orc barely misses you.
You barely miss the orc.
The orc wizard points at you and mumbles some strange words.
The magic dart hits you.
* * * LOW HITPOINT WARNING * * *
The orc barely misses you.
You closely miss the orc.
The orc wizard hits you with a +0 quarterstaff.
* * * LOW HITPOINT WARNING * * *
The orc hits you with a +0 trident.
You die...

..........# . #........#
.. ##......?.#
#.#.........##
#............#
#........>...#
#####....†...(...# ∆
.............#...#
..........##...o@# ∆
.##...#..##....o.##
.#......).....##))###+++#
............#####........
.............## ###....##
..............# #####
..............#
..............#
..............#


You could see an orc wizard and an orc.

Vanquished Creatures
  An adder (D:2)
  3 orcs (D:2)
  3 ball pythons
  2 endoplasms (D:1)
  2 giant cockroaches
  4 goblins
  6 hobgoblins
  10 jackals
  3 quokkas (D:1)
  3 bats
  3 rats (D:1)
40 creatures vanquished.

Vanquished Creatures (others)
  9 toadstools (D:2)
9 creatures vanquished.

Grand Total: 49 creatures vanquished

Notes
Turn   | Place    | Note
-------+----------+-------------------------------------------
     0 | D:1      | greenreed the Gnoll Monk began the quest for the Orb.
     0 | D:1      | Reached XP level 1. HP: 23/23 MP: 1/1
   155 | D:1      | Reached XP level 2. HP: 26/29 MP: 2/2
   662 | D:1      | Reached XP level 3. HP: 35/35 MP: 3/3
  1131 | D:2      | Reached skill level 1 in Invocations
  1426 | D:2      | Reached skill level 1 in Short Blades
  1426 | D:2      | Reached skill level 1 in Long Blades
  1426 | D:2      | Reached skill level 1 in Axes
  1426 | D:2      | Reached skill level 1 in Polearms
  1426 | D:2      | Reached skill level 1 in Staves
  1426 | D:2      | Reached skill level 1 in Slings
  1426 | D:2      | Reached skill level 1 in Bows
  1426 | D:2      | Reached skill level 1 in Crossbows
  1426 | D:2      | Reached skill level 1 in Throwing
  1426 | D:2      | Reached skill level 1 in Armour
  1426 | D:2      | Reached skill level 1 in Shields
  1426 | D:2      | Reached skill level 1 in Unarmed Combat
  1426 | D:2      | Reached skill level 1 in Spellcasting
  1426 | D:2      | Reached skill level 1 in Evocations
  1447 | D:2      | Reached XP level 4. HP: 38/41 MP: 5/5
  1457 | D:2      | HP: 2/41 [orc wizard/+0 quarterstaff (6)]
  1457 | D:2      | Slain by an orc

Illustrated notes

Levels and vault maps discovered:
D:1:      dpeg_arrival_prison, layout_basic
D:2:      cheibrodos_fertilizer, layout_rooms

Skill      XL: |  1  2  3 |
---------------+----------+-----
Invocations    | 1 |  1.1
Short Blades   | 1 |  1.0
Long Blades    | 1 |  1.0
Axes           | 1 |  1.0
Polearms       | 1 |  1.0
Staves         | 1 |  1.0
Slings         | 1 |  1.0
Bows           | 1 |  1.0
Crossbows      | 1 |  1.0
Throwing       | 1 |  1.0
Armour         | 1 |  1.0
Shields        | 1 |  1.0
Unarmed Combat | 1 |  1.0
Spellcasting   | 1 |  1.0
Evocations     | 1 |  1.0
Fighting       | |  6.5
Maces & Flails | |  6.5
Dodging        | |  6.5
Stealth        | |  4.2
Conjurations   | |  0.7
Hexes          | |  0.7
Summonings     | |  0.7
Necromancy     | |  0.7
Translocations | |  0.7
Transmutations | |  0.7
Fire Magic     | |  0.7
Ice Magic      | |  0.7
Air Magic      | |  0.7
Earth Magic    | |  0.7
Poison Magic   | |  0.7

Action                   |  1- 3 |  4- 6 || total
-------------------------+-------+-------++-------
Melee: Mace              |   110 |     6 ||   116
       Bite              |     8 |     1 ||     9
       Punch             |     3 |       ||     3
  Use: Potion            |       |     1 ||     1
 Stab: Sleeping          |    10 |       ||    10
Armor: Robe              |    25 |       ||    25
Dodge: Dodged            |    94 |     7 ||   101

Table legend: (Time is in decaauts)
 A = Elapsed time spent in this place.
 B = Non-inter-level travel time spent in this place.
 C = Inter-level travel time spent in this place.
 D = Time resting spent in this place.
 E = Time spent auto-exploring this place.
 F = Levels seen in this place.
 G = Mean time per level.
                   A        B        C        D        E       F      G
               +--------+--------+--------+--------+--------+-----+--------+
         Total |   1465 |   1414 |     51 |    199 |    927 |   2 |  732.5 |
       Dungeon |   1465 |   1414 |     51 |    199 |    927 |   2 |  732.5 |
               +--------+--------+--------+--------+--------+-----+--------+

Top non-repeatable levels by time:
     D:1: 1074 daAuts
     D:2: 391 daAuts
